 Dungeon Sprint DCSS version 0.19.5 (webtiles) character file.

2943 Snowbourne the Imperceptible (level 9, 0/39 HPs)
             Began as a Spriggan Enchanter on May 12, 2017.
             Was an Initiate of Gozag.
             Slain by a centaur warrior (10 damage)
             ... in the Dungeon (Sprint I: "Red Sonja").
             The game lasted 00:03:33 (720 turns).

Snowbourne the Imperceptible (Spriggan Enchanter)    Turns: 720, Time: 00:03:33

Health: 0/39       AC:  3    Str:  4    XL:     9   Next: 51%
Magic:  13/17      EV: 21    Int: 17    God:    Gozag
Gold:   1284       SH:  0    Dex: 19    Spells: 5 memorised, 5 levels left

rFire  . . .     SeeInvis +     n - +1 dagger (distort)
rCold  . . .     Gourm    .     b - +1 robe
rNeg   . . .     Faith    .     (shield restricted)
rPois  .         Spirit   .     (helmet restricted)
rElec  .         Reflect  .     (no cloak)
rCorr  .         Harm     .     (gloves unavailable)
MR     +....     NoTele   +     (boots unavailable)
Stlth  ++++++++..               (no amulet)
                                (no ring)
                                (no ring)

@: gold aura, very quick
A: unfitting armour, see invisible, herbivore 3, speed 3, slow metabolism 2
a: Potion Petition, Call Merchant, Bribe Branch, Renounce Religion


You were in the Dungeon.
You worshipped Gozag.
Gozag was most pleased with you.
You were not hungry.

You visited 1 branch You collected 1284 gold pieces.

Inventory:

Hand Weapons
 a - a +1 dagger
 n - a +1 dagger of distortion (weapon)
Armour
 b - a +1 robe (worn)
Wands
 m - a wand of polymorph (7/24)
Scrolls
 j - a scroll of blinking
 l - a scroll of amnesia {unknown}
 o - 3 scrolls of acquirement {unknown}
 p - 2 scrolls of identify {unknown}
 r - a scroll of remove curse {unknown}
Potions
 e - 4 potions of curing
 f - a potion of heal wounds
 g - a potion of haste
 h - 2 potions of magic
 i - a potion of berserk rage
 k - a potion of brilliance {unknown}
 q - a potion of invisibility {unknown}
Books
 c - a book of Maledictions

   Spells                             Type                      Level
   a - Corona                         Hexes                        1
   b - Ensorcelled Hibernation        Hexes/Ice                    2
   c - Confuse                        Hexes                        3
   d - Tukima's Dance                 Hexes                        3
   e - Dazzling Spray                 Conjuration/Hexes            3
Comestibles
 d - a bread ration


   Skills:
 + Level 3.3 Short Blades
 + Level 5.1 Dodging
 * Level 21.3 Stealth
 - Level 4.7 Spellcasting
 * Level 17.2 Hexes


You had 5 spell levels left.
You knew the following spells:

 Your Spells              Type           Power        Failure   Level  Hunger
a - Corona                Hex            ######.      0%          1    None
b - Ensorcelled Hibernat  Hex/Ice        ####..       1%          2    #......
c - Confuse               Hex            ######..     1%          3    ###....
d - Dazzling Spray        Conj/Hex       ####..       1%          3    ###....
e - Tukima's Dance        Hex            ######..     1%          3    ###....


Dungeon Overview and Level Annotations

Branches:
Dungeon (1/1)

Altars:
Cheibriados
Dithmenos
Elyvilon
Fedhas
Gozag
Hepliaklqana
Kikubaaqudgha
Makhleb
Nemelex Xobeh
Okawaru
Qazlal
Ru
Sif Muna
Trog
Uskayaw
Vehumet
Xom
Yredelemnul
Zin
The Shining One
Jiyva
Lugonu

Shops:
D }[[


Innate Abilities, Weirdness & Mutations

You are very small and have problems with some larger weapons.
You are too small for most types of armour.
You have supernaturally acute eyesight. (SInv)
You are a herbivore.
You cover ground extremely quickly.
You need consume almost no food.


Message History

The centaur warrior resists with some effort.
The centaur warrior hits you! The centaur warrior closely misses you.
The centaur warrior misses you.
Casting: Ensorcelled Hibernation
Confirm with . or Enter, or press ? or * to list all spells.
Aiming: Ensorcelled Hibernation
Press: ? - help, Shift-Dir - straight line, f/p - centaur warrior
Aim: a centaur warrior (chance to defeat MR: 43%)
The centaur warrior looks drowsy...
The centaur warrior hits you!
* * * LOW HITPOINT WARNING * * *
The helpless centaur warrior fails to defend itself.
You spit the centaur warrior like a pig!!!!
You kill the centaur warrior!
Your Short Blades skill gained 2 levels and is now at level 3!
Your Dodging skill gained 2 levels and is now at level 5!
Your Stealth skill increases to level 21!
Your Hexes skill increases to level 17!
The centaur warrior hits you!
You die...
Your body crumbles into a pile of gold.

#######################
#.['..#.)'..#__#..'.).#
$$
'..#..'..#..'..'..#)..#
$
#####'#####'#__####...+
$ $
####..#...#.####§)#####
$ $
#__####..##.#≈§§§§#$$ $
#_____##'#..+§§§@.+ $
#_.∩...†..._#§§§§c#$$
$$$ #_..__##_.#'##§####
#_____###'#.#.)..### $
#########.####§###.## $
.......'...'.....'.∩#
$$
++++####.).########## $
$$ $ ###.### $


$$$$$$ #.#'#.# $ $$$$$$ You could see a centaur warrior.

Vanquished Creatures
  A centaur warrior (D)
  Sonja (D)
  A deep troll (D)
  2 kobold demonologists (D)
  A slime creature (D)
  Sigmund (D)
  A yak (D)
  A floating eye (D)
  An ogre (D)
  A jelly (D)
  Ijyb (D)
  A ballistomycete (D)
  A ballistomycete spore (D)
14 creatures vanquished.

Vanquished Creatures (others)
  A ballistomycete spore (D)
1 creature vanquished.

Grand Total: 15 creatures vanquished

Notes
Turn   | Place    | Note
-------+----------+-------------------------------------------
     0 | D        | Snowbourne the Spriggan Enchanter began the quest for the Orb.
     0 | D        | Reached XP level 1. HP: 9/9 MP: 5/5
     2 | D        | Noticed Ijyb
    47 | D        | Killed Ijyb
    47 | D        | Reached skill level 6 in Stealth
    47 | D        | Reached skill level 5 in Hexes
    47 | D        | Reached XP level 2. HP: 4/13 MP: 5/8
   257 | D        | Learned a level 2 spell: Ensorcelled Hibernation
   258 | D        | Noticed an ogre
   275 | D        | Killed an ogre
   275 | D        | Reached skill level 10 in Stealth
   275 | D        | Reached XP level 3. HP: 11/16 MP: 1/10
   275 | D        | Reached XP level 4. HP: 15/21 MP: 1/11
   368 | D        | Learned a level 3 spell: Confuse
   372 | D        | Learned a level 3 spell: Dazzling Spray
   376 | D        | Learned a level 3 spell: Tukima's Dance
   377 | D        | Noticed Sigmund
   379 | D        | Killed Sigmund
   379 | D        | Reached skill level 13 in Stealth
   379 | D        | Reached skill level 10 in Hexes
   379 | D        | Reached XP level 5. HP: 24/24 MP: 13/13
   392 | D        | Found a deep blue altar of Sif Muna.
   394 | D        | Found a radiant altar of Vehumet.
   398 | D        | Reached XP level 6. HP: 28/28 MP: 14/14
   410 | D        | Found Dealun's Antique Armour Emporium.
   410 | D        | Found an ancient bone altar of Kikubaaqudgha.
   410 | D        | Found a hazy altar of Hepliaklqana.
   410 | D        | Found a stormy altar of Qazlal.
   410 | D        | Found a hide-covered altar of Uskayaw.
   410 | D        | Found a blossoming altar of Fedhas.
   410 | D        | Found a bloodstained altar of Trog.
   410 | D        | Found an iron altar of Okawaru.
   410 | D        | Found a basalt altar of Yredelemnul.
   410 | D        | Found a glowing golden altar of the Shining One.
   410 | D        | Found a snail-covered altar of Cheibriados.
   410 | D        | Found a sacrificial altar of Ru.
   410 | D        | Found a glowing silver altar of Zin.
   410 | D        | Found a shadowy altar of Dithmenos.
   410 | D        | Found a white marble altar of Elyvilon.
   410 | D        | Noticed a yak
   413 | D        | Killed a yak
   413 | D        | Reached skill level 15 in Stealth
   414 | D        | Found an opulent altar of Gozag.
   415 | D        | Found a sparkling altar of Nemelex Xobeh.
   418 | D        | Became a worshipper of Gozag Ym Sagoz the Greedy
   447 | D        | Noticed Sonja
   451 | D        | Killed Sonja
   451 | D        | Reached skill level 17 in Stealth
   451 | D        | Reached XP level 7. HP: 32/32 MP: 15/15
   469 | D        | Found Piungitt's Gadget Boutique.
   489 | D        | Noticed a deep troll
   493 | D        | Killed a deep troll
   493 | D        | Reached skill level 19 in Stealth
   493 | D        | Reached skill level 15 in Hexes
   493 | D        | Reached XP level 8. HP: 36/36 MP: 16/16
   504 | D        | Found Ufapnuz's Armour Emporium.
   583 | D        | Found a burning altar of Makhleb.
   583 | D        | Found a viscous altar of Jiyva.
   583 | D        | Found a shimmering altar of Xom.
   583 | D        | Found a corrupted altar of Lugonu.
   583 | D        | Noticed a slime creature
   586 | D        | Killed a slime creature
   599 | D        | Noticed a kobold demonologist
   600 | D        | Noticed a kobold demonologist
   605 | D        | Killed a kobold demonologist
   605 | D        | Reached skill level 20 in Stealth
   605 | D        | Reached XP level 9. HP: 39/39 MP: 12/17
   611 | D        | Killed a kobold demonologist
   715 | D        | Noticed a centaur warrior
   715 | D        | Noticed a centaur warrior
   720 | D        | Killed a centaur warrior
   720 | D        | Reached skill level 5 in Dodging
   720 | D        | Reached skill level 21 in Stealth
   720 | D        | Slain by a centaur warrior

Skill      XL: |  1  2  3  4  5  6  7  8  9 |
---------------+----------------------------+-----
Stealth        | 6 10 13 17 19 20 21 | 21.3
Spellcasting   | 4 |  4.7
Hexes          | 5 8 10 14 15 16 17 | 17.2
Short Blades   | 3 |  3.3
Dodging        | 5 |  5.1

Action                   |  1- 3 |  4- 6 |  7- 9 || total
-------------------------+-------+-------+-------++-------
Melee: Dagger            |    46 |     4 |    16 ||    66
 Cast: Ensorcelled Hiber |     3 |     2 |     9 ||    14
       Dazzling Spray    |       |       |     1 ||     1
 Stab: Sleeping          |     2 |     4 |     6 ||    12
Armor: Robe              |     4 |       |     2 ||     6
Dodge: Dodged            |    33 |     1 |     9 ||    43
